AoeStats
← KriVetz

Arena

509398244Analyzed
3v3 RM · 6d ago on Sep 26, 2026· 38m 32s· 6 players
Game mode
Random Map
Map size
Normal (6 player)
Population
200
Speed
Normal
Resources
Standard
Victory
Conquest
Starting age
Dark Age
Ending age
Imperial Age
RankedLock teamsTeams togetherTeam positionsShared explorationLock speedFull tech treeHidden civsTurbo modeCheats
Victory
Defeat
🇹🇷 Britons · Türkiye
1252
+10
🇹🇷 Franks · Türkiye
1029
+19
🇹🇷 Byzantines · Türkiye
981
+22
🇨🇳 Wei · China
1133
-18
🇨🇳 Sicilians · China
1126
-18
🇨🇳 Bengalis · China
1055
-15
Roussel de Bailleul
5:56 Loom
11:48 Feudal Age
12:24 Double-Bit Axe
17:19 Castle Age
15:17 Stone Mining
16:03 Forging
16:45 Scale Barding Armor
20:48 Arson
24:42 Wheelbarrow
25:15 Bow Saw
24:48 Horse Collar
26:04 Scale Mail Armor
27:18 Hand Cart
29:29 Gold Mining
30:38 Heavy Plow
34:02 Imperial Age
31:26 Fletching
32:16 Iron Casting
31:56 Chain Mail Armor
31:45 Squires
31:30 Gambesons
32:58 Gold Shaft Mining
33:22 Stone Shaft Mining
33:12 Chain Barding Armor
32:57 Treadmill Crane
34:21 Murder Holes
34:42 Fortified Wall
36:31 Hoardings
36:15 Logistica
36:55 Plate Mail Armor
36:59 Conscription
39:10 Chemistry
Nebuchadnezzar
10:31 Feudal Age
15:40 Castle Age
13:45 Fletching
13:44 Double-Bit Axe
14:09 Horse Collar
14:46 Fletching
16:37 Bodkin Arrow
20:06 Crossbowman
21:35 Loom
22:34 Wheelbarrow
23:43 Fervor
26:15 Bow Saw
28:55 Imperial Age
26:55 Gold Mining
27:07 Heavy Plow
29:50 Hand Cart
29:21 Town Watch
30:39 Chemistry
29:03 Arbalester
30:05 Light Cavalry
30:45 Husbandry
31:43 Conscription
31:46 Bracer
32:59 Two-Man Saw
33:10 Forging
33:05 Scale Barding Armor
32:37 Elite Longbowman
34:55 Iron Casting
34:48 Ballistics
36:53 Chain Barding Armor
37:33 Blast Furnace
36:36 Padded Archer Armor
37:12 Yeomen
36:17 Elite Longbowman
37:18 Elite Skirmisher
KriVetz
5:01 Loom
10:53 Feudal Age
12:37 Wheelbarrow
11:51 Double-Bit Axe
12:00 Gold Mining
18:23 Castle Age
18:27 Scale Barding Armor
18:33 Forging
19:40 Chain Barding Armor
19:49 Husbandry
21:16 Hand Cart
23:23 Iron Casting
1802390869
10:05 Feudal Age
15:25 Castle Age
13:40 Horse Collar
15:46 Stone Mining
15:43 Double-Bit Axe
20:53 Fletching
22:29 Padded Archer Armor
25:24 Bodkin Arrow
26:45 Leather Archer Armor
30:28 Wheelbarrow
32:33 Imperial Age
30:02 Loom
30:56 Wheelbarrow
31:09 Gold Mining
33:44 Hand Cart
33:55 Conscription
33:23 Cranequins
34:52 Bracer
35:20 Heavy Mounted Crossbowman
仌
9:49 Feudal Age
10:19 Double-Bit Axe
10:15 Horse Collar
13:16 Gold Mining
13:23 Stone Mining
18:23 Castle Age
17:19 Wheelbarrow
16:50 Loom
18:17 Forging
18:12 Scale Barding Armor
18:19 Scale Barding Armor
21:10 Forging
23:17 Bloodlines
25:36 Iron Casting
25:21 Chain Barding Armor
27:25 Hand Cart
29:41 Chain Barding Armor
34:22 Heavy Plow
34:34 Bow Saw
39:07 Imperial Age
37:02 Tuntian
38:04 Pikeman
等着森口
12:13 Feudal Age
14:18 Double-Bit Axe
16:38 Castle Age
14:27 Double-Bit Axe
14:23 Horse Collar
23:17 Bow Saw
23:09 Heavy Plow
23:01 Gold Mining
23:06 Stone Mining
28:50 Imperial Age
30:12 Loom
32:49 Arrowslits
33:34 Murder Holes
36:38 Gold Shaft Mining
Connection lost

Rejoining the realm…

Still unreachable

The connection could not be restored.

Session expired

The server has moved on; the page needs a fresh start.